 Dungeon Crawl Stone Soup version 0.30-a0-154-gb106f4c828 (webtiles) character file.

Game seed: 2987130818170601952

167 Ijustatesigmund the Trooper (level 5, -1/52 HPs)
             Began as a Gargoyle Fighter on Sept 27, 2022.
             Was an Initiate of the Shining One.
             Slain by a gnoll
             ... wielding a +0 halberd
              (5 damage)
             ... on level 4 of the Dungeon.
             The game lasted 00:04:30 (2874 turns).

Ijustatesigmund the Trooper (Gargoyle Fighter)      Turns: 2874, Time: 00:04:31

Health: -1/52      AC: 12    Str: 20 (22) XL:     5   Next: 48%
Magic:  5/5        EV: 13    Int:  7 (8)  God:    the Shining One [......]
Gold:   152        SH:  4    Dex:  7 (9)  Spells: 4/4 levels left

rFire   . . .      SeeInvis .    a - +1 flail
rCold   . . .      Faith    .    c - +0 buckler
rNeg    + + .      Spirit   .    b - +0 scale mail
rPois   ∞          Reflect  .    (no helmet)
rElec   +          Harm     .    (no cloak)
rCorr   .          Rampage  .    j - +0 pair of gloves
Will    .....                    (no boots)
Stlth   ..........               (no amulet)
HPRegen 0.17/turn                f - ring of positive energy
MPRegen 0.09/turn                g - +4 ring of evasion

@: berserking, glowing, very quick
A: sickness immunity, AC +4, negative energy resistance 1, electricity
resistance, torment resistance 1, petrification resistance
a: Renounce Religion


You were on level 4 of the Dungeon.
You worshipped the Shining One.
The Shining One was noncommittal.
You visited 1 branch of the dungeon, and saw 4 of its levels.

You collected 188 gold pieces.
You spent 36 gold pieces at shops.

Inventory:

Hand Weapons
 a - a +1 flail (weapon)
Armour
 b - a +0 scale mail (worn)
 c - a +0 buckler (worn)
 j - a +0 pair of gloves (worn)
Jewellery
 f - a ring of positive energy (left hand)
 g - a +4 ring of evasion (right hand)
Scrolls
 h - a scroll of noise
 k - a scroll of blinking {unknown}
Potions
 e - a potion of mutation
 l - a potion of curing {unknown}


   Skills:
 + Level 5.1 Fighting
 + Level 4.1 Maces & Flails
 - Level 3.2 Armour
 - Level 3.2 Shields


You had 4 spell levels left.
You didn't know any spells.
Your spell library contained the following spells:

 Spells                   Type           Power      Damage    Failure   Level
 Freeze                   Ice            0%         1d3       86%         1
 Slow                     Hex            0%         N/A       86%         1
 Confusing Touch          Hex            0%         N/A       99%         3
 Frozen Ramparts          Ice            0%         1d1       99%         3
 Vampiric Draining        Necr           0%         2d6       99%         3
 Airstrike                Air            0%         2d(0-16)  100%        4
 Hailstorm                Conj/Ice       0%         3d3       100%        4
 Summon Lightning Spire   Summ/Air       0%         N/A       100%        4
 Lightning Bolt           Conj/Air       0%         1d11      100%        5


Dungeon Overview and Level Annotations

Branches:
Dungeon (4/15)
 Temple: D:4-7

Altars:
Dithmenos
Fedhas
Makhleb
Sif Muna
Wu Jian
The Shining One

Shops:
D:3 ?


Innate Abilities, Weirdness & Mutations

You are immune to sickness and miasma.
Your stone body is resilient. (AC +4)
You are immune to poison.
You resist negative energy. (rN+)
You are resistant to electric shocks. (rElec)
You are resistant to unholy torment.
You are immune to petrification.


Message History

You are too injured to fight recklessly!
You are too injured to fight recklessly!
You are too injured to fight recklessly!
You are too injured to fight recklessly!
You are too injured to fight recklessly!
You are too injured to fight recklessly!
You are too injured to fight recklessly!
You are too injured to fight recklessly!
You are too injured to fight recklessly!
You are too injured to fight recklessly!
You are too injured to fight recklessly!
You are too injured to fight recklessly!
You are too injured to fight recklessly!
You are too injured to fight recklessly!
You are too injured to fight recklessly!
You are too injured to fight recklessly!
You barely miss the gnoll.
The gnoll is severely wounded.
You block the gnoll's attack. The gnoll barely misses you.
You thump the gnoll!
You kill the gnoll!
The gnoll closely misses you. The gnoll completely misses you.
Found a stone staircase leading up.
The gnoll closely misses you.
Things that are here:
a +0 whip; a gnoll corpse You barely miss the gnoll.
The gnoll misses you.
You hit the gnoll but do no damage. The gnoll hits you with a +0 halberd.
You hit the gnoll but do no damage. The gnoll hits you with a +0 halberd.
* * * LOW HITPOINT WARNING * * *
You barely miss the gnoll. The gnoll hits you with a +0 halberd.
* * * LOW HITPOINT WARNING * * *
Okay, then.
Okay, then.
It was a potion of cancellation.
You feel magically purged. The gnoll misses you.
It was a potion of berserk rage.
A red film seems to cover your vision as you go berserk!
You feel yourself moving faster!
You feel mighty! The gnoll misses you.
You closely miss the gnoll. The gnoll hits you with a +0 halberd.
You die...

..................
..................
...#'#####'#####+###
...#...............#
...#............<..#
...#...............#
...#......###...##.#
...##♣♣♣♣+♣
♣♣..##.##... ...#
+.)@....... ...#
♣..g....... ...#
♣.......... ...#
♣.......... ...+
+.........<
♣..##...... ...#
...... .... ......


You could see a gnoll.

Vanquished Creatures
  Terence (D:2)
  3 gnolls (D:4)
  5 adders
  2 dart slugs
  An orc (D:3)
  5 ball pythons
  4 bats
  6 endoplasms
  4 giant cockroaches
  6 goblins
  4 hobgoblins
  2 jackals (D:1)
  4 quokkas
  2 frilled lizards
  7 kobolds
  6 rats
62 creatures vanquished.

Notes
Turn   | Place    | Note
-------+----------+-------------------------------------------
     0 | D:1      | Ijustatesigmund the Gargoyle Fighter began the quest for
                  | the Orb.
     0 | D:1      | Reached XP level 1. HP: 14/14 MP: 1/1
    15 | D:1      | Found a faded altar of an unknown god.
   159 | D:1      | Reached XP level 2. HP: 17/19 MP: 2/2
  1082 | D:2      | Reached XP level 3. HP: 22/24 MP: 3/3
  1097 | D:2      | Reached skill level 4 in Fighting
  1536 | D:2      | Reached XP level 4. HP: 30/30 MP: 4/4
  1556 | D:2      | Noticed Terence
  1585 | D:2      | Killed Terence
  2074 | D:3      | Found a shimmering blue altar of Sif Muna.
  2089 | D:3      | Found Tofieck's Magic Scroll Emporium.
  2108 | D:3      | Bought a scroll of noise for 12 gold pieces
  2108 | D:3      | Bought a scroll of identify for 24 gold pieces
  2127 | D:3      | Reached XP level 5. HP: 34/34 MP: 5/5
  2140 | D:3      | Found an ornate altar of the Wu Jian Council.
  2187 | D:3      | Found a burning altar of Makhleb.
  2408 | D:3      | Found a blossoming altar of Fedhas.
  2409 | D:3      | Found a shadowy altar of Dithmenos.
  2598 | D:4      | Found a glowing golden altar of the Shining One.
  2636 | D:4      | Became a worshipper of the Shining One
  2673 | D:4      | Reached skill level 5 in Fighting
  2874 | D:4      | Slain by a gnoll

Illustrated notes

Levels and vault maps discovered:
D:1:      amcnicky_arrival_underground_garden, layout_basic,
          ebering_ecumenical_altar_abandoned, minivault_4, nicolae_titane
D:2:      layout_rooms, fountainhead, minmay_between, uniq_terence
D:3:      layout_rooms, lemuel_doored_altar, mainiacjoe_overflow_divided_tiny,
          bloody_makhleb, marbit_many_paths, serial_shops, shop
D:4:      layout_gridville, mainiacjoe_overflow_six_doors_small, tso_metal_star

Skill      XL: |  1  2  3  4  5 |
---------------+----------------+-----
Fighting       | 4 5 |  5.1
Maces & Flails | 3 4 |  4.1
Armour         | |  3.2
Shields        | |  3.2

Action                   |  1- 3 |  4- 6 || total
-------------------------+-------+-------++-------
Melee: Flail             |   110 |   126 ||   236
  Use: Potion            |     5 |     3 ||     8
       Scroll            |       |     5 ||     5
 Stab: Invisible         |     1 |       ||     1
Armor: Scale mail        |    99 |    59 ||   158
Dodge: Dodged            |   161 |   108 ||   269
Block: Buckler           |    33 |    30 ||    63

Table legend: (Time is in decaauts)
 A = Elapsed time spent in this place.
 B = Non-inter-level travel time spent in this place.
 C = Inter-level travel time spent in this place.
 D = Time resting spent in this place.
 E = Time spent auto-exploring this place.
 F = Levels seen in this place.
 G = Mean time per level.
                   A        B        C        D        E       F      G
               +--------+--------+--------+--------+--------+-----+--------+
         Total |   2941 |   2900 |     41 |    561 |   1774 |   4 |  735.2 |
       Dungeon |   2941 |   2900 |     41 |    561 |   1774 |   4 |  735.2 |
               +--------+--------+--------+--------+--------+-----+--------+

Top non-repeatable levels by time:
     D:1: 1172 daAuts
     D:2: 895 daAuts
     D:3: 588 daAuts
     D:4: 284 daAuts
